 Dungeon Crawl Stone Soup version 0.30-a0-570-g486de37d69 (webtiles) character file.

Game seed: 7216941956606801072

98 rsvaco the Slasher (level 4, -1/37 HPs)
             Began as a Demonspawn Berserker on Dec 29, 2022.
             Was a Believer of Trog.
             Splashed by a jelly's acid (4 damage)
             ... on level 5 of the Dungeon.
             The game lasted 00:03:49 (614 turns).

rsvaco the Slasher (Demonspawn Berserker)            Turns: 614, Time: 00:03:49

Health: -1/37      AC:  7    Str: 20    XL:     4   Next: 43%
Magic:  4/4        EV:  8    Int:  8    God:    Trog [**....]
Gold:   69         SH:  0    Dex: 12    Spells: 3/3 levels left

rFire   . . .      SeeInvis .    a - +0 falchion (freeze)
rCold   . . .      Faith    .    (no shield)
rNeg    . . .      Spirit   .    g - +1 chain mail
rPois   .          Reflect  .    h - +2 hat
rElec   .          Harm     .    (no cloak)
rCorr   .          Rampage  .    (no gloves)
Will    .....                    (no boots) Stlth
                                 (no amulet)
HPRegen 0.26/turn                (no ring)
MPRegen 0.09/turn                (no ring)

@: corroded
A: horns 1, ignite blood 1
a: Renounce Religion, Berserk, Trog's Hand


You were on level 5 of the Dungeon.
You worshipped Trog.
Trog was pleased with you.
You visited 1 branch of the dungeon, and saw 5 of its levels.

You collected 69 gold pieces.

Inventory:

Hand Weapons
 a - a +0 falchion of freezing (weapon)
 j - a +0 flail
Missiles
 l - a stone (quivered)
Armour
 b - a +0 animal skin
 e - a +0 plate armour
 g - a +1 chain mail (worn)
 h - a +2 hat (worn)
 i - a +0 leather armour
 n - a +0 pair of gloves
Scrolls
 c - 2 scrolls of identify
 f - a scroll of fog {unknown}
 k - a scroll of noise
 m - a scroll of amnesia {unknown}
 o - a scroll of brand weapon
Potions
 d - a potion of brilliance
 p - a potion of curing {unknown}


   Skills:
 + Level 3.7 Fighting
 + Level 3.9 Long Blades
 + Level 2.3 Armour
 + Level 2.0 Dodging


You had 3 spell levels left.
You didn't know any spells.
Your spell library contained the following spells:

 Spells                   Type           Power      Damage    Failure   Level
 Cigotuvi's Dreadful Rot  Necr/Pois/Air  0%         N/A       100%        2
 Poisonous Vapours        Pois/Air       0%         N/A       100%        2
 Mephitic Cloud           Conj/Pois/Air  0%         N/A       100%        3


Dungeon Overview and Level Annotations

Branches:
Dungeon (5/15)
 Temple: D:4-7

Altars:


Innate Abilities, Weirdness & Mutations

You have a pair of small horns on your head.
Your demonic aura sometimes causes spilled blood to erupt in flames.


Message History

The jelly hits you. The acid corrodes you!
You are splashed with acid.
You barely miss the hound.
The hound is moderately wounded.
The hound bites you but does no damage. The jelly barely misses you.
The hound bites you.
You closely miss the hound. You headbutt the hound.
The hound is moderately wounded.
The hound bites you but does no damage. The jelly hits you but does no damage.
You hit the hound. You freeze the hound. You headbutt the hound.
The hound is almost dead.
The hound barely misses you. The jelly hits you but does no damage.
The hound bites you.
You are too injured to fight recklessly!
You are too injured to fight recklessly!
You are too injured to fight recklessly!
You are too injured to fight recklessly!
You are too injured to fight recklessly!
You are too injured to fight recklessly!
You are too injured to fight recklessly!
You hit the hound. You freeze the hound.
You kill the hound!
Trog accepts your kill. The jelly hits you but does no damage.
You hit the jelly but do no damage.
Your hands burn!
The jelly hits you but does no damage.
You hit the jelly. You freeze the jelly.
Your hands burn!
The jelly is lightly wounded.
The jelly closely misses you.
You hit the jelly but do no damage.
Your hands burn!
You headbutt the jelly!
The jelly is heavily wounded.
The jelly hits you.
* * * LOW HITPOINT WARNING * * *
You are splashed with acid!
* * * LOW HITPOINT WARNING * * *
The jelly hits you but does no damage.
You barely miss the jelly.
The jelly is heavily wounded.
The jelly hits you but does no damage.
You hit the jelly. You freeze the jelly.
Your hands burn!
You die...

##......##
##........##
#..........#
#..........#
#..........#
#..........#
#.....J....#
####....@[..##
..............#
.##...........#
#...........#
##..........#
#..........#
##........##
#.......##
#..###.)#


You could see a jelly.

Vanquished Creatures
  A hound (D:5)
  An adder (D:2)
  2 gnolls (D:2)
  A dart slug (D:3)
  An orc (D:4)
  A ball python (D:2)
  2 endoplasms (D:2)
  2 giant cockroaches
  5 goblins
  A hobgoblin (D:2)
  6 jackals
  3 kobolds
  2 quokkas (D:2)
  A bat (D:2)
  4 rats (D:2)
33 creatures vanquished.

Vanquished Creatures (others)
  4 plants (D:2)
4 creatures vanquished.

Grand Total: 37 creatures vanquished

Notes
Turn   | Place    | Note
-------+----------+-------------------------------------------
     0 | D:1      | rsvaco the Demonspawn Berserker began the quest for the
                  | Orb.
     0 | D:1      | Reached XP level 1. HP: 18/18 MP: 1/1
   200 | D:2      | Gained mutation: Your demonic aura sometimes causes spilled
                  | blood to erupt in flames. [demonic ancestry]
   200 | D:2      | Reached XP level 2. HP: 24/24 MP: 2/2
   234 | D:2      | Reached XP level 3. HP: 13/29 MP: 3/3
   238 | D:2      | HP: 1/29 [gnoll/+0 flail (6)]
   321 | D:2      | Reached ** piety under Trog
   598 | D:4      | Discovered your monstrous ancestry.
   598 | D:4      | Gained mutation: You have a pair of small horns on your
                  | head. [demonic ancestry]
   598 | D:4      | Reached XP level 4. HP: 34/36 MP: 4/4
   599 | D:5      | Entered Level 5 of the Dungeon
   614 | D:5      | Splashed by a jelly's acid

Illustrated notes

Levels and vault maps discovered:
D:1:      shiori_arrival_oz, layout_basic, interstate_on_off
D:2:      cheibrodos_old_hovel, layout_rooms, minmay_pentomino_p4, uniq_sigmund
D:3:      layout_loops_corners, roderic_roman_lattice, minivault_24
D:4:      layout_basic, serial_rivers, chequers_serial_rivers_large_b,
          chequers_serial_rivers_micro_d, chequers_serial_rivers_small_a,
          chequers_serial_rivers_micro_b, chequers_serial_rivers_room_b,
          chequers_serial_rivers_room_b, minmay_fire_ice_demons, uniq_eustachio
D:5:      layout_rooms, minmay_temple_entry_statues_fountains,
          serial_park_tiny_pond

Skill      XL: |  1  2  3 |
---------------+----------+-----
Long Blades    | 3 |  3.9
Armour         | 2 |  2.3
Dodging        | 2 |  2.0
Fighting       | |  3.7

Action                   |  1- 3 |  4- 6 || total
-------------------------+-------+-------++-------
Melee: Falchion          |   102 |    12 ||   114
       Punch             |     1 |       ||     1
       Headbutt          |       |     3 ||     3
  Use: Scroll            |     4 |       ||     4
Armor: Chain mail        |    66 |    12 ||    78
       Animal skin       |     1 |       ||     1
Dodge: Dodged            |    52 |     5 ||    57

Table legend: (Time is in decaauts)
 A = Elapsed time spent in this place.
 B = Non-inter-level travel time spent in this place.
 C = Inter-level travel time spent in this place.
 D = Time resting spent in this place.
 E = Time spent auto-exploring this place.
 F = Levels seen in this place.
 G = Mean time per level.
                   A        B        C        D        E       F      G
               +--------+--------+--------+--------+--------+-----+--------+
         Total |    627 |    519 |    108 |      0 |    187 |   5 |  125.4 |
       Dungeon |    627 |    519 |    108 |      0 |    187 |   5 |  125.4 |
               +--------+--------+--------+--------+--------+-----+--------+

Top non-repeatable levels by time:
     D:2: 228 daAuts
     D:3: 200 daAuts
     D:1: 164 daAuts
     D:4: 17 daAuts
     D:5: 15 daAuts
